 Dungeon Crawl Stone Soup version 0.27.0-1-g7a08968 (webtiles) character file.

Game seed: 5656716042175827815

154 Scud the Magician (level 5, -4/39 HPs)
             Began as a Djinni Fire Elementalist on Aug 23, 2021.
             Slain by a gnoll (9 damage)
             ... on level 2 of the Dungeon.
             The game lasted 00:07:21 (3007 turns).

Scud the Magician (Djinni Fire Elementalist)        Turns: 3007, Time: 00:07:22

Health: -4/39      AC:  2    Str:  7    XL:     5   Next: 63%
Gold:   99         EV: 13    Int: 17    God:
                   SH:  0    Dex: 14

rFire    + + .     SeeInvis .   d - +1 short sword
rCold    x . .     Faith    .   (no shield)
rNeg     . . .     Spirit   .   a - +0 robe
rPois    ∞         Reflect  .   (no helmet)
rElec    .         Harm     .   (no cloak)
rCorr    .         Rampage  .   (no gloves)
Will     .....                  (boots unavailable)
Stlth    ++........             (no amulet)
HPRegen  0.13/turn              (no ring)
MPRegen  0.00/turn              (no ring)

@: flying
A: sickness immunity, fire resistance 2, cold vulnerability 1, float, innate
caster, hp casting, extra vitality 1
a: no special abilities


You were on level 2 of the Dungeon.
You visited 1 branch of the dungeon, and saw 3 of its levels.

You collected 99 gold pieces.

Inventory:

Hand Weapons
 d - a +1 short sword (weapon)
Armour
 a - a +0 robe (worn)
Scrolls
 b - a scroll of fog


   Skills:
 * Level 2.5 Fighting
 + Level 3.2 Dodging
 - Level 1.7 Stealth
 * Level 3.5 Spellcasting


You couldn't memorise any spells.
You knew the following spells:

 Your Spells              Type           Power      Damage    Failure   Level
a - Foxfire               Conj/Fire      60%        2x1d7     3%          1
b - Conjure Flame         Conj/Fire      15%        6-21      12%         3
c - Inner Flame           Hex/Fire       15%        N/A       12%         3
d - Sticky Flame          Conj/Fire      15%        2d4       36%         4
e - Fireball              Conj/Fire      7%         3d5       71%         5
f - Sandblast             Erth           30%        2d9       3%          1
g - Static Discharge      Conj/Air       15%        N/A       6%          2
Your spell library was empty.

Dungeon Overview and Level Annotations

Branches:
Dungeon (3/15)

Altars:


Innate Abilities, Weirdness & Mutations

You are immune to sickness and miasma.
You are immune to poison.
Your flesh is very heat resistant. (rF++)
You are vulnerable to cold. (rC-)
You float through the air rather than walking.
You learn spells naturally, not from books.
Your magical power is your life essence.
You have superior vitality. (+4 HP)


Message History

The orc warrior burns!
The orc warrior misses you.
The orc warrior burns!
The orc warrior burns!
You kill the orc warrior!
Your Fighting skill increases to level 2!
Your Dodging skill increases to level 3!
You have reached level 5!
The power to cast Static Discharge wells up from within.
Spell assigned to 'g'.
You start resting.
A gnoll comes into view. It is wielding a +0 spear.
A gnoll comes into view. It is wielding a +0 flail.
As you read the scroll labelled XICOGI LUABEUSH, it crumbles to dust.
The scroll dissolves into smoke.
It was a scroll of fog.
The gnoll shouts!
You hit the gnoll but do no damage.
You hear a shout!
The gnoll hits you with a +0 flail!
* * * LOW HITPOINT WARNING * * *
There are monsters nearby!
Okay, then.
You aren't carrying any potions.
As you read the scroll labelled IWNAMEM DOISIS, it crumbles to dust.
The creatures around you are filled with an inner flame!
It was a scroll of immolation.
The gnoll shouts!
The gnoll barely misses you. The gnoll closely misses you.
There are monsters nearby!
As you read the scroll labelled CIMETOANOPH, it crumbles to dust.
You feel momentarily disoriented.
It was a scroll of magic mapping.
The gnoll barely misses you. The gnoll misses you.
As you read the scroll labelled FEAGEE DOZOU, it crumbles to dust.
You hear a loud clanging noise!
It was a scroll of noise.
The gnoll barely misses you. The gnoll hits you but does no damage.
As you read the scroll labelled PICISE ZITAPT, it crumbles to dust.
It is a scroll of enchant weapon.
Your +0 short sword glows red for a moment.
The gnoll hits you from afar with a +0 spear!
You die...

####.....#.# ##### #............
...#.......###...####............
...#>....##....(.................
............(....................
..............g..####.....#...#.#
...#.....#####§§§# #.....#.....#
...######## ##§## #.....#..#...
..........# #g## ###...#..#.##
..........# #§@# #...#....#
..........# ##§## #...#.#####
########### #§g# #...#...... #
##§## #...#..#### # #########.(#
#......# # # #.......##.##
#..##.## # #.......##.g# #...#.#
# #####.......###)# ##....#
#...'.......# #.# #.########


You could see 2 gnolls.

Vanquished Creatures
  An orc warrior (D:2)
  A gnoll (D:2)
  A worm (D:3)
  2 dart slugs
  4 bats
  6 endoplasms
  A giant cockroach (D:1)
  2 goblins (D:1)
  5 hobgoblins
  A quokka (D:2)
  3 ball pythons
  4 frilled lizards
  3 kobolds
  4 rats
38 creatures vanquished.

Vanquished Creatures (others)
  110 foxfires
110 creatures vanquished.

Grand Total: 148 creatures vanquished

Notes
Turn   | Place    | Note
-------+----------+-------------------------------------------
     0 | D:1      | Scud the Djinni Fire Elementalist began the quest for the
                  | Orb.
     0 | D:1      | Reached XP level 1. HP: 15/15 MP: 0/0
   432 | D:1      | Found a faded altar of an unknown god.
   432 | D:1      | Noticed a crimson imp
   531 | D:1      | Reached XP level 2. HP: 20/21 MP: 0/0
  1489 | D:1      | Reached XP level 3. HP: 12/26 MP: 0/0
  1489 | D:1      | Learned a level 1 spell: Sandblast
  2264 | D:2      | Reached skill level 1 in Fighting
  2495 | D:2      | Reached XP level 4. HP: 27/32 MP: 0/0
  2925 | D:3      | Noticed an orc warrior
  2990 | D:2      | Killed an orc warrior
  2991 | D:2      | Reached XP level 5. HP: 16/39 MP: 0/0
  2991 | D:2      | Learned a level 2 spell: Static Discharge
  3007 | D:2      | Slain by a gnoll

Illustrated notes

Levels and vault maps discovered:
D:1:      zaba_arrival_water, layout_basic,
          dreamdust_ecumenical_altar_sealed_demon
D:2:      layout_basic
D:3:      layout_loops_ring, st_stairs_2

Skill      XL: |  1  2  3  4 |
---------------+-------------+-----
Spellcasting   | 3 |  3.5
Fighting       | 1 2 |  2.5
Dodging        | 3 |  3.2
Stealth        | |  1.7

Action                   |  1- 3 |  4- 6 || total
-------------------------+-------+-------++-------
Melee: Unarmed           |     6 |       ||     6
       Short sword       |    13 |     3 ||    16
Throw: Throwing net      |     1 |       ||     1
 Cast: Foxfire           |    70 |    19 ||    89
       Sticky Flame      |       |     2 ||     2
  Use: Scroll            |       |     5 ||     5
 Stab: Sleeping          |     3 |     1 ||     4
Armor: Robe              |     7 |     1 ||     8
Dodge: Dodged            |    33 |    11 ||    44
